[Event "XV Closed IM BCC 2021"]
[Site "Barcelona"]
[Date "2021.05.04"]
[Round "2.1"]
[White "Nottola, Adrien"]
[Black "Garcia Ramos, Daniel"]
[Result "1-0"]
[ECO "B12"]
[WhiteElo "2101"]
[BlackElo "2436"]
[Annotator "NA"]
[PlyCount "55"]
[EventDate "2021.05.03"]
[EventType "tourn"]
[EventCountry "ESP"]
[SourceTitle "playchess.com"]
[Source "ChessBase"]
[SourceQuality "1"]
[TimeControl "5400+30"]

1. e4 c6 2. d4 d5 3. f3 dxe4 4. fxe4 e5 5. Nf3 Bg4 6. c3 Nd7 7. Bd3 Ngf6 8. O-O Bd6 9. Na3 Qc7 10. Nc4 O-O 11. Qe1 b5 12. Nxd6 Qxd6 13. Qg3 Rfe8 14. Nxe5 Nxe5 15. Bf4 Nh5 16. Qxg4 Qxd4+ 17. cxd4 Nxg4 18. Bd6 Rad8 19. e5 Nhf6 20. Rac1 Nd5 21. Rxc6 Nb4 22. Rc7 Nxd3 23. Rfxf7 Nf6 24. Rxg7+ Kh8 25. h3 Rxd6 26. exd6 Rd8 27. Rxa7 Rxd6 28. Rg3 1-0

[Event "XV Closed IM BCC 2021"]
[Site "Barcelona"]
[Date "2021.05.04"]
[Round "2.2"]
[White "Hernandez, Cristian Andres"]
[Black "Alcala Gonzalez, Cesar"]
[Result "1-0"]
[ECO "A06"]
[WhiteElo "2357"]
[BlackElo "2110"]
[Annotator "NA"]
[PlyCount "67"]
[EventDate "2021.05.03"]
[EventType "tourn"]
[EventCountry "ESP"]
[SourceTitle "playchess.com"]
[Source "ChessBase"]
[SourceQuality "1"]
[TimeControl "5400+30"]

1. Nf3 d5 2. g3 Nf6 3. Bg2 Bg4 4. Ne5 Bf5 5. c4 Be4 6. f3 Bxb1 7. Rxb1 c6 8. O-O e6 9. d4 Nbd7 10. f4 Be7 11. c5 Ne4 12. Bxe4 dxe4 13. b4 Nxe5 14. dxe5 a5 15. Be3 O-O 16. Qxd8 Rfxd8 17. b5 Kf8 18. bxc6 bxc6 19. Rb6 Rdc8 20. Rd1 Ke8 21. a4 Bd8 22. Rb7 Bc7 23. Kf2 f5 24. Rdb1 h5 25. Bd2 Kd8 26. Bc3 g6 27. Rd1+ Ke8 28. Rd6 Bxd6 29. exd6 Kf8 30. Bf6 Re8 31. Ke3 Kg8 32. Kd4 Rf8 33. Rg7+ Kh8 34. Rf7+ 1-0

[Event "XV Closed IM BCC 2021"]
[Site "Barcelona"]
[Date "2021.05.04"]
[Round "2.3"]
[White "Valenzuela Gomez, Fernando"]
[Black "Papadiamandis, Elliot"]
[Result "0-1"]
[ECO "A05"]
[WhiteElo "2382"]
[BlackElo "2292"]
[Annotator "NA"]
[PlyCount "82"]
[EventDate "2021.05.03"]
[EventType "tourn"]
[EventCountry "ESP"]
[SourceTitle "playchess.com"]
[Source "ChessBase"]
[SourceQuality "1"]
[TimeControl "5400+30"]

1. Nf3 Nf6 2. c4 g6 3. Nc3 Bg7 4. e4 e5 5. Nxe5 O-O 6. d3 Re8 7. f4 d6 8. Nf3 d5 9. cxd5 Nxd5 10. Bd2 Nb4 11. Be3 Bg4 12. Qd2 N8c6 13. a3 Na6 14. Ne5 Rxe5 15. fxe5 Nd4 16. Bxd4 Qxd4 17. Qf2 Qxe5 18. d4 Qxd4 19. Qxd4 Bxd4 20. h3 Be6 21. Bxa6 bxa6 22. O-O-O Be5 23. Nd5 Rb8 24. b4 c6 25. Ne3 a5 26. bxa5 Rb3 27. Ng4 Bf4+ 28. Kc2 Rxa3 29. Ra1 Rg3 30. Rhf1 Bc7 31. Rf2 h5 32. Nf6+ Kf8 33. h4 Be5 34. Rb1 Ra3 35. Kd1 Rxa5 36. Nh7+ Kg8 37. Ng5 Bg3 38. Rf1 Bc4 39. Rf3 Bxh4 40. Rb4 Ba2 41. Nxf7 Bxf7 0-1

[Event "XV Closed IM BCC 2021"]
[Site "Barcelona"]
[Date "2021.05.04"]
[Round "2.4"]
[White "Perez Mitjans, Orelvis"]
[Black "Lucas, Arthur"]
[Result "1-0"]
[ECO "B00"]
[WhiteElo "2412"]
[BlackElo "2310"]
[Annotator "NA"]
[PlyCount "103"]
[EventDate "2021.05.03"]
[EventType "tourn"]
[EventCountry "ESP"]
[SourceTitle "playchess.com"]
[Source "ChessBase"]
[SourceQuality "1"]
[TimeControl "5400+30"]

1. e4 Nc6 2. d4 d6 3. f4 e5 4. d5 Nce7 5. Nf3 exf4 6. Bxf4 Ng6 7. Be3 Nf6 8. Nc3 Be7 9. Qd2 O-O 10. O-O-O Ng4 11. Bg1 N4e5 12. Kb1 f5 13. exf5 Nxf3 14. gxf3 Bxf5 15. Nb5 Ne5 16. Be2 Bg5 17. Be3 Bxe3 18. Qxe3 Bd7 19. Nd4 Qf6 20. Qb3 Rab8 21. Rhg1 Kh8 22. Rg3 Ng6 23. Qa3 Nf4 24. Bc4 Rfe8 25. Rgg1 a6 26. Qa5 c5 27. dxc6 bxc6 28. Qc7 Be6 29. Bb3 c5 30. Nc6 Rbc8 31. Qb7 c4 32. Ba4 Bd5 33. Rde1 Rg8 34. Qd7 Bxc6 35. Bxc6 Rb8 36. Bb7 Rgd8 37. Qe7 Qd4 38. c3 Qd3+ 39. Ka1 Ng6 40. Qg5 Qc2 41. Rg2 Qa4 42. Be4 Re8 43. Reg1 Re5 44. Qc1 Re6 45. h4 d5 46. Bc2 Qd7 47. h5 Ne5 48. Rxg7 Qxg7 49. Rxg7 Kxg7 50. Qg5+ Kh8 51. Qf5 Re7 52. Qf6+ 1-0

[Event "XV Closed IM BCC 2021"]
[Site "Barcelona"]
[Date "2021.05.04"]
[Round "2.5"]
[White "Girel, Joseph"]
[Black "Saya, Ethan"]
[Result "1-0"]
[ECO "E41"]
[WhiteElo "2310"]
[BlackElo "2230"]
[Annotator "NA"]
[PlyCount "65"]
[EventDate "2021.05.03"]
[EventType "tourn"]
[EventCountry "ESP"]
[SourceTitle "playchess.com"]
[Source "ChessBase"]
[SourceQuality "1"]
[TimeControl "5400+30"]

1. d4 Nf6 2. c4 e6 3. Nc3 Bb4 4. e3 c5 5. Nf3 O-O 6. Bd3 cxd4 7. exd4 d5 8. O-O dxc4 9. Bxc4 Bxc3 10. bxc3 b6 11. Bd3 Bb7 12. c4 h6 13. Bb2 Nc6 14. Rc1 Rc8 15. Re1 Ba6 16. Qe2 Re8 17. a3 Qc7 18. Qe3 Na5 19. Ne5 Qb7 20. Qg3 b5 21. c5 Qd5 22. Rcd1 Nc4 23. Bc1 Kf8 24. Qh4 Bb7 25. Bf1 Ke7 26. Nxc4 bxc4 27. Re5 Qd7 28. d5 Bxd5 29. Rdxd5 Qxd5 30. Rxd5 exd5 31. Qd4 Kf8 32. Bxh6 Re4 33. Qxf6 1-0

[Event "XV Closed IM BCC 2021"]
[Site "Barcelona"]
[Date "2021.05.05"]
[Round "3.2"]
[White "Lucas, Arthur"]
[Black "Girel, Joseph"]
[Result "1/2-1/2"]
[ECO "A14"]
[WhiteElo "2310"]
[BlackElo "2310"]
[Annotator "NA"]
[PlyCount "54"]
[EventDate "2021.05.03"]
[EventType "tourn"]
[EventCountry "ESP"]
[SourceTitle "playchess.com"]
[Source "ChessBase"]
[SourceQuality "1"]
[TimeControl "5400+30"]

1. c4 Nf6 2. g3 e6 3. Bg2 d5 4. Nf3 Be7 5. O-O O-O 6. d4 dxc4 7. Qc2 b5 8. a4 b4 9. Nfd2 Nd5 10. Nxc4 c5 11. dxc5 Ba6 12. Ne3 Nd7 13. Nxd5 exd5 14. c6 Rc8 15. Bf4 Nc5 16. Rd1 d4 17. Be5 d3 18. exd3 Bxd3 19. Qd2 Qa5 20. Nc3 bxc3 21. Bxc3 Qa6 22. Qe3 Rfe8 23. b4 Bf8 24. Qf4 Nxa4 25. Rxa4 Qxa4 26. Rxd3 Rxc6 27. Bxc6 Qxc6 1/2-1/2

[Event "XV Closed IM BCC 2021"]
[Site "Barcelona"]
[Date "2021.05.05"]
[Round "3.3"]
[White "Papadiamandis, Elliot"]
[Black "Perez Mitjans, Orelvis"]
[Result "1/2-1/2"]
[ECO "B41"]
[WhiteElo "2292"]
[BlackElo "2412"]
[Annotator "NA"]
[PlyCount "50"]
[EventDate "2021.05.03"]
[EventType "tourn"]
[EventCountry "ESP"]
[SourceTitle "playchess.com"]
[Source "ChessBase"]
[SourceQuality "1"]
[TimeControl "5400+30"]

1. e4 c5 2. Nf3 e6 3. d4 cxd4 4. Nxd4 a6 5. Be2 Nf6 6. Nc3 Qc7 7. O-O Be7 8. Be3 O-O 9. f4 d6 10. Bf3 Nc6 11. Nb3 b5 12. Qd2 Bb7 13. Rae1 Rac8 14. Kh1 Nd7 15. Qf2 Na5 16. Nxa5 Qxa5 17. a3 b4 18. axb4 Qxb4 19. Bd4 e5 20. Nd5 Bxd5 21. Bc3 Qb5 22. exd5 Bf6 23. Be2 Qxd5 24. Bxa6 Rc7 25. Bd3 Nc5 1/2-1/2

[Event "XV Closed IM BCC 2021"]
[Site "Barcelona"]
[Date "2021.05.07"]
[Round "5.1"]
[White "Lucas, Arthur"]
[Black "Nottola, Adrien"]
[Result "1-0"]
[ECO "B24"]
[WhiteElo "2310"]
[BlackElo "2101"]
[Annotator "NA"]
[PlyCount "128"]
[EventDate "2021.05.03"]
[EventType "tourn"]
[EventCountry "ESP"]
[SourceTitle "playchess.com"]
[Source "ChessBase"]
[SourceQuality "1"]
[TimeControl "5400+30"]

1. e4 c5 2. Nc3 Nc6 3. Bb5 Nd4 4. Nf3 a6 5. Bd3 g6 6. Rb1 d6 7. b4 Bg7 8. bxc5 dxc5 9. Na4 Qc7 10. Nb6 Rb8 11. Nxd4 cxd4 12. Nxc8 Rxc8 13. O-O Nf6 14. f4 O-O 15. Qf3 Nd7 16. Ba3 Rfe8 17. e5 b5 18. Rb4 Nc5 19. Rxd4 Nxd3 20. cxd3 Qb6 21. Qe3 Rc2 22. Rd7 Qe6 23. Qa7 Bf8 24. Bb4 Rxa2 25. d4 Qc4 26. Qc5 Rc8 27. Qxc4 Rxc4 28. Rb1 Ra4 29. Bc5 Rc2 30. Rd1 Raa2 31. Ra7 a5 32. Rb7 Rab2 33. Kf1 a4 34. Ke2 Rb3 35. Ra1 Rc4 36. Ra2 Kg7 37. Rb8 Rc1 38. Ra3 Rbb1 39. Kd3 Rg1 40. g3 Rg2 41. Ra2 Rb3+ 42. Ke4 Rxh2 43. Kd5 Rh1 44. Kc6 Rhb1 45. g4 h5 46. gxh5 gxh5 47. f5 Rc1 48. d3 Rg1 49. f6+ exf6 50. Bxf8+ Kg6 51. Bc5 Rg5 52. exf6 Kxf6 53. Rxb5 Rg8 54. Rf2+ Ke6 55. d5+ Ke5 56. d4+ Ke4 57. Rxb3 axb3 58. d6 Rc8+ 59. Kb7 Rh8 60. Rb2 h4 61. Rxb3 h3 62. d7 h2 63. Rb1 f5 64. Kc7 Kd5 1-0

[Event "XV Closed IM BCC 2021"]
[Site "Barcelona"]
[Date "2021.05.07"]
[Round "5.2"]
[White "Papadiamandis, Elliot"]
[Black "Saya, Ethan"]
[Result "1/2-1/2"]
[ECO "C07"]
[WhiteElo "2292"]
[BlackElo "2230"]
[Annotator "NA"]
[PlyCount "47"]
[EventDate "2021.05.03"]
[EventType "tourn"]
[EventCountry "ESP"]
[SourceTitle "playchess.com"]
[Source "ChessBase"]
[SourceQuality "1"]
[TimeControl "5400+30"]

1. e4 e6 2. d4 d5 3. Nd2 c5 4. Ngf3 cxd4 5. Nxd4 Nf6 6. exd5 Qxd5 7. Nb5 Na6 8. Nc3 Qd6 9. a3 Bd7 10. Qe2 Be7 11. b4 O-O 12. Bb2 Rac8 13. Qf3 Qe5+ 14. Be2 Bb5 15. Nxb5 Qxb2 16. O-O Qxc2 17. Nb3 Nd5 18. Bd3 Qb2 19. Nxa7 Rcd8 20. Na5 Rd7 21. Nb5 Rfd8 22. Be4 Nac7 23. Nc4 Qf6 24. Qxf6 1/2-1/2

[Event "XV Closed IM BCC 2021"]
[Site "Barcelona"]
[Date "2021.05.07"]
[Round "5.3"]
[White "Alcala Gonzalez, Cesar"]
[Black "Girel, Joseph"]
[Result "1/2-1/2"]
[ECO "D31"]
[WhiteElo "2110"]
[BlackElo "2310"]
[Annotator "NA"]
[PlyCount "96"]
[EventDate "2021.05.03"]
[EventType "tourn"]
[EventCountry "ESP"]
[SourceTitle "playchess.com"]
[Source "ChessBase"]
[SourceQuality "1"]
[TimeControl "5400+30"]

1. d4 d5 2. c4 e6 3. Nc3 a6 4. cxd5 exd5 5. Qb3 Nf6 6. Bg5 c6 7. e4 dxe4 8. Bc4 Qe7 9. Bxf6 gxf6 10. a4 f5 11. Nge2 Bg7 12. O-O O-O 13. f3 Nd7 14. fxe4 fxe4 15. a5 Nf6 16. Rae1 Be6 17. Bxe6 Qxe6 18. Qxe6 fxe6 19. Nf4 Rae8 20. Nxe4 Nxe4 21. Rxe4 e5 22. Rfe1 Rf7 23. Nd3 Rd7 24. Nxe5 Rd5 25. b4 Red8 26. Nf3 Bxd4+ 27. Nxd4 Rxd4 28. Kf2 Rxe4 29. Rxe4 Rd5 30. Ke3 c5 31. bxc5 Rxc5 32. Re7 Rxa5 33. Rxb7 Ra2 34. Kf3 Ra3+ 35. Kf4 Ra2 36. Kg3 Ra3+ 37. Kh4 Ra2 38. Kh3 a5 39. g4 a4 40. Ra7 a3 41. Kg3 h6 42. h3 Ra1 43. Kh4 a2 44. Kh5 Rh1 45. Rxa2 Rxh3+ 46. Kg6 Kf8 47. Ra8+ Ke7 48. Rh8 Rh4 1/2-1/2

[Event "XV Closed IM BCC 2021"]
[Site "Barcelona"]
[Date "2021.05.07"]
[Round "5.4"]
[White "Garcia Ramos, Daniel"]
[Black "Perez Mitjans, Orelvis"]
[Result "1/2-1/2"]
[ECO "A10"]
[WhiteElo "2436"]
[BlackElo "2412"]
[Annotator "NA"]
[PlyCount "41"]
[EventDate "2021.05.03"]
[EventType "tourn"]
[EventCountry "ESP"]
[SourceTitle "playchess.com"]
[Source "ChessBase"]
[SourceQuality "1"]
[TimeControl "5400+30"]

1. c4 g6 2. Nf3 Nf6 3. g3 Bg7 4. Bg2 O-O 5. O-O d5 6. cxd5 Nxd5 7. Nc3 c5 8. d4 cxd4 9. Nxd4 Nxc3 10. bxc3 Nd7 11. Rb1 Rb8 12. Qa4 a6 13. Ba3 Ne5 14. Qb4 Bf6 15. f4 Ng4 16. Rf3 Bxd4+ 17. Qxd4 Bf5 18. Rb6 Be4 19. h3 Bxf3 20. Bxf3 Nf6 21. Rxb7 1/2-1/2

[Event "XV Closed IM BCC 2021"]
[Site "Barcelona"]
[Date "2021.05.07"]
[Round "5.5"]
[White "Hernandez, Cristian Andres"]
[Black "Valenzuela Gomez, Fernando"]
[Result "1/2-1/2"]
[ECO "B69"]
[WhiteElo "2357"]
[BlackElo "2382"]
[Annotator "NA"]
[PlyCount "73"]
[EventDate "2021.05.03"]
[EventType "tourn"]
[EventCountry "ESP"]
[SourceTitle "playchess.com"]
[Source "ChessBase"]
[SourceQuality "1"]
[TimeControl "5400+30"]

1. e4 c5 2. Nc3 Nc6 3. Nf3 d6 4. d4 cxd4 5. Nxd4 Nf6 6. Bg5 e6 7. Qd2 a6 8. O-O-O Bd7 9. f4 Be7 10. Nf3 b5 11. Bxf6 gxf6 12. f5 Qb6 13. Kb1 O-O-O 14. Bd3 Kb8 15. Ne2 Rc8 16. Nf4 Ka7 17. Rhe1 Qc5 18. Bf1 Rhe8 19. fxe6 fxe6 20. e5 Nxe5 21. Nxe5 fxe5 22. Nd3 Qc7 23. Nxe5 Bf8 24. Qd4+ Kb8 25. Nxd7+ Qxd7 26. Bd3 Rc5 27. Qh4 h5 28. Bg6 Rec8 29. Qf6 Qc6 30. Qxe6 Qxg2 31. Be4 Qf2 32. Rf1 Qe2 33. Rde1 Qd2 34. Rd1 Qe2 35. Rfe1 Qf2 36. Rf1 Qe2 37. a3 1/2-1/2

[Event "XV Closed IM BCC 2021"]
[Site "Barcelona"]
[Date "2021.05.09"]
[Round "6.1"]
[White "Nottola, Adrien"]
[Black "Valenzuela Gomez, Fernando"]
[Result "1-0"]
[ECO "B67"]
[WhiteElo "2101"]
[BlackElo "2382"]
[Annotator "NA"]
[PlyCount "113"]
[EventDate "2021.05.03"]
[EventType "tourn"]
[EventCountry "ESP"]
[SourceTitle "playchess.com"]
[Source "ChessBase"]
[SourceQuality "1"]
[TimeControl "5400+30"]

1. e4 c5 2. Nf3 d6 3. d4 cxd4 4. Nxd4 Nf6 5. Nc3 a6 6. Bg5 Nc6 7. Qd2 e6 8. O-O-O Bd7 9. Nxc6 bxc6 10. e5 dxe5 11. Bxf6 gxf6 12. Ne4 Be7 13. Qh6 f5 14. Qg7 Rf8 15. Nd6+ Bxd6 16. Rxd6 Ke7 17. Rd2 Qc7 18. Qg5+ f6 19. Qh6 Be8 20. Be2 Bf7 21. Rhd1 Rad8 22. Rxd8 Rxd8 23. Rxd8 Qxd8 24. Qxh7 Kf8 25. Qh8+ Bg8 26. Qh6+ Ke7 27. Qg7+ Kd6 28. Qb7 a5 29. c3 e4 30. h4 Qf8 31. g3 e5 32. b3 f4 33. Qb6 fxg3 34. fxg3 Be6 35. Qxa5 Qh6+ 36. Kd1 Kd7 37. Qa7+ Kd6 38. Qb8+ Kd7 39. Qb7+ Kd6 40. Qb4+ Kd7 41. Qxe4 Qf8 42. Qh7+ Kd8 43. Qd3+ Kc7 44. c4 Qa3 45. Qd2 Bf5 46. h5 Qc5 47. Qc3 Bh7 48. g4 Be4 49. Kd2 Bh7 50. b4 Qa7 51. a3 Qg1 52. b5 e4 53. Qa5+ Kd6 54. Qd8+ Ke6 55. Qe8+ Kd6 56. Qxc6+ Ke5 57. Qc7+ 1-0

[Event "XV Closed IM BCC 2021"]
[Site "Barcelona"]
[Date "2021.05.09"]
[Round "6.2"]
[White "Perez Mitjans, Orelvis"]
[Black "Hernandez, Cristian Andres"]
[Result "1/2-1/2"]
[ECO "B92"]
[WhiteElo "2412"]
[BlackElo "2357"]
[Annotator "NA"]
[PlyCount "127"]
[EventDate "2021.05.03"]
[EventType "tourn"]
[EventCountry "ESP"]
[SourceTitle "playchess.com"]
[Source "ChessBase"]
[SourceQuality "1"]
[TimeControl "5400+30"]

1. e4 c5 2. Nf3 d6 3. d4 Nf6 4. Nc3 cxd4 5. Nxd4 a6 6. Be2 e5 7. Nf3 h6 8. O-O Be7 9. Re1 O-O 10. Nd2 b5 11. a4 b4 12. Nd5 Nxd5 13. exd5 a5 14. Bb5 Qc7 15. Nc4 Bd7 16. b3 Qb7 17. Bxd7 Nxd7 18. f4 Nb6 19. fxe5 Nxc4 20. bxc4 dxe5 21. Bb2 f6 22. Kh1 Bd6 23. Qd3 Rac8 24. Re4 Rc5 25. Rf1 Qd7 26. g4 Rfc8 27. Bc1 Qc7 28. Be3 Rxc4 29. Bb6 Rc3 30. Bxc7 Rxd3 31. cxd3 Rxc7 32. Rc4 Rxc4 33. dxc4 Kf7 34. Kg2 g6 35. Kf3 f5 36. Ke2 Kf6 37. gxf5 gxf5 38. c5 Bxc5 39. Rc1 Bd4 40. Kd3 Bc3 41. Kc4 e4 42. Kc5 f4 43. d6 Kf5 44. d7 Bf6 45. Kd5 f3 46. Rc8 f2 47. Rf8 f1=Q 48. Rxf6+ Kxf6 49. d8=Q+ Kg6 50. Qg8+ Kh5 51. Qe8+ Kg5 52. Qg8+ Kh4 53. Qg3+ Kh5 54. Qe5+ Kg6 55. Qg3+ Kh7 56. Qc7+ Kg8 57. Qg3+ Kf7 58. Qc7+ Kf6 59. Qd6+ Kg5 60. Qg3+ Kf6 61. Qd6+ Kf7 62. Qc7+ Kg8 63. Qg3+ Kf8 64. Qb8+ 1/2-1/2

[Event "XV Closed IM BCC 2021"]
[Site "Barcelona"]
[Date "2021.05.09"]
[Round "6.3"]
[White "Girel, Joseph"]
[Black "Garcia Ramos, Daniel"]
[Result "1/2-1/2"]
[ECO "B12"]
[WhiteElo "2310"]
[BlackElo "2436"]
[Annotator "NA"]
[PlyCount "77"]
[EventDate "2021.05.03"]
[EventType "tourn"]
[EventCountry "ESP"]
[SourceTitle "playchess.com"]
[Source "ChessBase"]
[SourceQuality "1"]
[TimeControl "5400+30"]

1. e4 c6 2. d4 d5 3. e5 Bf5 4. h4 Qb6 5. Nc3 h5 6. Nge2 e6 7. Be3 Nd7 8. Rb1 c5 9. Qd2 Nh6 10. Na4 Qc7 11. Nxc5 Bxc5 12. dxc5 Ng4 13. Bd4 O-O 14. Ng3 Bg6 15. Be2 Ndxe5 16. O-O Nc4 17. Bxc4 dxc4 18. Rbe1 e5 19. Bc3 f6 20. Qd5+ Bf7 21. Qd6 Rac8 22. Nf5 Kh7 23. f3 Nh6 24. Nxh6 Bg6 25. f4 exf4 26. Re7 Qxc5+ 27. Qxc5 Rxc5 28. Rxb7 a5 29. Rxf4 Kxh6 30. Ra7 Bxc2 31. Bxa5 Re8 32. Bc3 Rd5 33. Rf2 Bf5 34. Ra5 Rd1+ 35. Kh2 Bd3 36. Rd5 Re4 37. Rd4 Rxd4 38. Bxd4 Kg6 39. Bc3 1/2-1/2

[Event "XV Closed IM BCC 2021"]
[Site "Barcelona"]
[Date "2021.05.09"]
[Round "6.4"]
[White "Saya, Ethan"]
[Black "Alcala Gonzalez, Cesar"]
[Result "0-1"]
[ECO "B17"]
[WhiteElo "2230"]
[BlackElo "2110"]
[Annotator "NA"]
[PlyCount "64"]
[EventDate "2021.05.03"]
[EventType "tourn"]
[EventCountry "ESP"]
[SourceTitle "playchess.com"]
[Source "ChessBase"]
[SourceQuality "1"]
[TimeControl "5400+30"]

1. e4 c6 2. d4 d5 3. Nd2 dxe4 4. Nxe4 Nd7 5. Bc4 Ngf6 6. Nxf6+ Nxf6 7. c3 Qc7 8. h3 Bf5 9. Nf3 e6 10. Qe2 Bd6 11. O-O h6 12. Re1 O-O-O 13. Ne5 Kb8 14. a4 g5 15. Qf3 Nd5 16. Bxd5 cxd5 17. g4 Be4 18. Qe3 f6 19. Nf3 h5 20. Nd2 hxg4 21. Nxe4 Rxh3 22. Nxf6 Rxe3 23. Bxe3 Qf7 24. Bxg5 Be7 25. Bf4+ Kc8 26. Nxd5 exd5 27. Be5 Bh4 28. Re2 Rf8 29. Rf1 Qf3 30. Rd2 g3 31. Bd6 gxf2+ 32. Kh2 Bg3+ 0-1

[Event "XV Closed IM BCC 2021"]
[Site "Barcelona"]
[Date "2021.05.09"]
[Round "6.5"]
[White "Lucas, Arthur"]
[Black "Papadiamandis, Elliot"]
[Result "1/2-1/2"]
[ECO "D72"]
[WhiteElo "2310"]
[BlackElo "2292"]
[Annotator "NA"]
[PlyCount "83"]
[EventDate "2021.05.03"]
[EventType "tourn"]
[EventCountry "ESP"]
[SourceTitle "playchess.com"]
[Source "ChessBase"]
[SourceQuality "1"]
[TimeControl "5400+30"]

1. d4 Nf6 2. c4 g6 3. g3 Bg7 4. Bg2 d5 5. cxd5 Nxd5 6. e4 Nb6 7. Ne2 O-O 8. O-O c5 9. dxc5 N6d7 10. Nbc3 Nxc5 11. Be3 Ncd7 12. Qb3 Nc6 13. Rfd1 Qa5 14. Rd5 Qc7 15. Rad1 a6 16. Bf4 Nde5 17. Rc5 e6 18. Qc2 Bd7 19. Nd5 exd5 20. exd5 Bf5 21. Qc1 Qe7 22. dxc6 Nxc6 23. Be3 Bg4 24. Rd2 Ne5 25. Nd4 Rac8 26. Rxc8 Rxc8 27. Rc2 Rd8 28. Rd2 Rc8 29. Rc2 Rd8 30. Rd2 Qb4 31. Nc2 Qa5 32. Rxd8+ Qxd8 33. Ne1 b5 34. h3 Be6 35. b3 h5 36. Kh2 Qd6 37. Bf4 Qd4 38. Be3 Qd6 39. Bf4 Qd4 40. Be3 Qd6 41. Bf4 Qd4 42. Be3 1/2-1/2

[Event "XV Closed IM BCC 2021"]
[Site "Barcelona"]
[Date "2021.05.10"]
[Round "7.2"]
[White "Alcala Gonzalez, Cesar"]
[Black "Lucas, Arthur"]
[Result "0-1"]
[ECO "E81"]
[WhiteElo "2110"]
[BlackElo "2310"]
[Annotator "NA"]
[PlyCount "89"]
[EventDate "2021.05.03"]
[EventType "tourn"]
[EventCountry "ESP"]
[SourceTitle "playchess.com"]
[Source "ChessBase"]
[SourceQuality "1"]
[TimeControl "5400+30"]

1. d4 Nf6 2. c4 g6 3. Nc3 Bg7 4. e4 d6 5. f3 O-O 6. Be3 a6 7. Qd2 Nbd7 8. Bd3 c6 9. a4 e5 10. d5 cxd5 11. cxd5 Nh5 12. Nge2 f5 13. exf5 Nf4 14. Bxf4 exf4 15. fxg6 Qh4+ 16. Kd1 Ne5 17. gxh7+ Kh8 18. Ne4 Bf5 19. Nd4 Nxd3 20. Nxf5 Rxf5 21. Qxd3 Qh5 22. g4 Rxd5 23. gxh5 Rxd3+ 24. Ke2 Re3+ 25. Kd2 Rxf3 26. Ra3 Rxa3 27. bxa3 Kxh7 28. Ng5+ Kh6 29. Ne6 Be5 30. Rf1 Rc8 31. Nxf4 Rc4 32. Ng6 Bxh2 33. Rh1 Bg3 34. Rh3 Bf2 35. Ne7 Rxa4 36. Nf5+ Kg5 37. Nxd6 Rd4+ 38. Ke2 Rxd6 39. Kxf2 Kg4 40. Rh1 Rh6 41. Ke3 b5 42. Kd4 a5 43. Kc5 b4 44. axb4 axb4 45. Kxb4 0-1

[Event "XV Closed IM BCC 2021"]
[Site "Barcelona"]
[Date "2021.05.10"]
[Round "7.3"]
[White "Garcia Ramos, Daniel"]
[Black "Saya, Ethan"]
[Result "1/2-1/2"]
[ECO "C11"]
[WhiteElo "2436"]
[BlackElo "2230"]
[Annotator "NA"]
[PlyCount "118"]
[EventDate "2021.05.03"]
[EventType "tourn"]
[EventCountry "ESP"]
[SourceTitle "playchess.com"]
[Source "ChessBase"]
[SourceQuality "1"]
[TimeControl "5400+30"]

1. e4 e6 2. d4 d5 3. Nc3 Nf6 4. e5 Nfd7 5. f4 c5 6. Nf3 Nc6 7. Be3 Be7 8. Qd2 a6 9. Be2 b5 10. O-O Qb6 11. Rad1 Bb7 12. Kh1 O-O-O 13. dxc5 Bxc5 14. Bxc5 Nxc5 15. Bd3 h6 16. Qf2 Kc7 17. a3 Nxd3 18. Rxd3 Qxf2 19. Rxf2 g6 20. Kg1 Kb6 21. Ne2 a5 22. Ned4 Na7 23. g4 Rdg8 24. Kf1 Ba6 25. Ke1 b4 26. Re3 Nb5 27. axb4 axb4 28. Kd2 h5 29. Nxb5 Bxb5 30. h3 hxg4 31. hxg4 Rh1 32. Ng5 Ra8 33. Re1 Rh4 34. Rg1 Ra2 35. b3 d4 36. Rfg2 d3 37. Rc1 Bc6 38. Rf2 dxc2 39. Rxc2 Rxc2+ 40. Kxc2 Rxg4 41. Kd3 Bd5 42. Nxf7 Rg3+ 43. Kd4 Rxb3 44. Nd6 Rb1 45. Nc4+ Kb5 46. Ne3 Bc6 47. Rc2 Bh1 48. Rc8 b3 49. Rb8+ Kc6 50. Kc3 Kc5 51. Re8 b2 52. Nc2 Kd5 53. Nb4+ Ke4 54. Rxe6 Kxf4 55. Rxg6 Be4 56. Rf6+ Kxe5 57. Rf2 Rc1+ 58. Kxb2 Rg1 59. Kc3 Rg3+ 1/2-1/2

[Event "XV Closed IM BCC 2021"]
[Site "Barcelona"]
[Date "2021.05.10"]
[Round "7.4"]
[White "Hernandez, Cristian Andres"]
[Black "Girel, Joseph"]
[Result "0-1"]
[ECO "E46"]
[WhiteElo "2357"]
[BlackElo "2310"]
[Annotator "RC"]
[PlyCount "88"]
[EventDate "2021.05.03"]
[EventType "tourn"]
[EventCountry "ESP"]
[SourceTitle "playchess.com"]
[Source "ChessBase"]
[SourceQuality "1"]
[TimeControl "5400+30"]

1. d4 Nf6 2. c4 e6 3. Nc3 Bb4 4. e3 O-O 5. Nge2 c6 6. a3 Ba5 7. b4 Bc7 8. e4 d5 9. e5 Nfd7 10. Nf4 c5 11. bxc5 Ba5 12. Bd2 Nc6 13. cxd5 Nxd4 14. Qa4 Nxc5 15. Qxd4 Nb3 16. Qa4 Nxa1 17. Bd3 Qc7 18. Nfe2 Qxe5 19. Qxa5 Nb3 20. Qb4 Nxd2 21. Kxd2 Bd7 22. Qxb7 Rfd8 23. Qb4 exd5 24. Qd4 Qd6 25. Qb4 Qe5 26. f4 Qh5 27. Qd4 Rab8 28. h3 Rb2+ 29. Kc1 Rdb8 30. Re1 Qh4 31. Rd1 Qe7 32. Bc2 Qxa3 33. Kd2 Bf5 34. Rc1 Qb3 35. Qe5 Bxc2 36. Ke1 Bd3 37. Nd4 Qc4 38. f5 Be4 39. Nce2 Qb4+ 40. Rc3 Bd3 41. Qxb8+ Qxb8 42. Rxd3 a5 43. f6 gxf6 44. Nc6 Rxe2+ 0-1

[Event "XV Closed IM BCC 2021"]
[Site "Barcelona"]
[Date "2021.05.10"]
[Round "7.5"]
[White "Valenzuela Gomez, Fernando"]
[Black "Perez Mitjans, Orelvis"]
[Result "1-0"]
[ECO "B76"]
[WhiteElo "2382"]
[BlackElo "2412"]
[Annotator "NA"]
[PlyCount "109"]
[EventDate "2021.05.03"]
[EventType "tourn"]
[EventCountry "ESP"]
[SourceTitle "playchess.com"]
[Source "ChessBase"]
[SourceQuality "1"]
[TimeControl "5400+30"]

1. e4 c5 2. Nf3 d6 3. d4 cxd4 4. Nxd4 Nf6 5. Nc3 g6 6. Be3 Bg7 7. f3 O-O 8. Qd2 Nc6 9. O-O-O d5 10. exd5 Nxd5 11. Nxc6 bxc6 12. Bd4 Bxd4 13. Qxd4 Qb6 14. Na4 Qc7 15. Bc4 Rb8 16. a3 Nb6 17. Nc5 Nxc4 18. Qxc4 Qe5 19. Qd4 Qg5+ 20. Rd2 Bf5 21. Rhd1 Rbd8 22. Qc3 Rd5 23. Nb3 e5 24. Kb1 h5 25. Qxc6 Rxd2 26. Rxd2 Qe3 27. Qc3 Qg1+ 28. Nc1 e4 29. fxe4 Bxe4 30. g3 Bf5 31. Qe5 Rc8 32. b3 Kh7 33. Kb2 Qh1 34. Qf6 Rc7 35. Qe5 Qc6 36. c4 Rc8 37. Qd5 Qf6+ 38. Qd4 Qg5 39. Na2 Qe7 40. Nc3 Qe1 41. Rd1 Qe6 42. Qxa7 g5 43. Qd4 Bg6 44. h4 Qf5 45. Qd2 g4 46. a4 Re8 47. Re1 Rb8 48. Nd5 Qf3 49. Qc3 Qf2+ 50. Ka3 Bc2 51. b4 Bxa4 52. Qd3+ Kh8 53. Qe3 Qxe3+ 54. Rxe3 Bc6 55. Nf6 1-0

[Event "XV Closed IM BCC 2021"]
[Site "Barcelona"]
[Date "2021.05.11"]
[Round "8.2"]
[White "Girel, Joseph"]
[Black "Valenzuela Gomez, Fernando"]
[Result "1-0"]
[ECO "B91"]
[WhiteElo "2310"]
[BlackElo "2382"]
[Annotator "NA"]
[PlyCount "53"]
[EventDate "2021.05.03"]
[EventType "tourn"]
[EventCountry "ESP"]
[SourceTitle "playchess.com"]
[Source "ChessBase"]
[SourceQuality "1"]
[TimeControl "5400+30"]

1. e4 c5 2. Nf3 d6 3. d4 cxd4 4. Nxd4 Nf6 5. Nc3 a6 6. g3 e5 7. Nb3 Be7 8. Bg5 Be6 9. Bxf6 Bxf6 10. Qd3 Be7 11. O-O-O O-O 12. f4 Nc6 13. f5 Bd7 14. Nd5 Bg5+ 15. Kb1 a5 16. h4 Bh6 17. g4 a4 18. g5 axb3 19. cxb3 Kh8 20. gxh6 g6 21. Bh3 Nd4 22. fxg6 fxg6 23. Bxd7 Rf3 24. Qc4 Qxd7 25. Rxd4 exd4 26. Qxd4+ Kg8 27. Nb6 1-0